 Dungeon Crawl Stone Soup version 0.24.0-13-gcf9b319 (webtiles) character file.

Game seed: 8163118204183958175, levelgen mode: deterministic

2388699 Dabs the End of an Era (level 27, 173/173 HPs)
             Began as a Demonspawn Fighter on Jan 17, 2020.
             Was the Champion of Qazlal.
             Escaped with the Orb
             ... and 4 runes!
             The game lasted 03:37:51 (76309 turns).

Dabs the End of an Era (Demonspawn Fighter)        Turns: 76309, Time: 03:37:51

Health: 173/173    AC: 24    Str: 23    XL:     27
Magic:  10/10      EV: 22    Int: 15    God:    Qazlal [******]
Gold:   5798       SH: 42    Dex: 22    Spells: 48/48 levels left

rFire    + + +     SeeInvis .   a - +5 demon whip "Spellbinder" {antimagic, MR+}
rCold    + + +     Gourm    .   W - +4 large shield of the Sun {*Contam Int+5}
rNeg     + + +     Faith    .   N - +8 fire dragon scales
rPois    .         Spirit   .   (helmet unavailable)
rElec    +         Reflect  +   U - scarf {rC+ rF+}
rCorr    .         Harm     .   o - +0 pair of fencer's gloves {Riposte Dex+3}
MR       ++...     Rnd*Rage +   Y - +2 pair of boots {run}
Stlth    ..........             T - amulet "Rorakkom" {Reflect rElec rN+ Str+3 SH+5}
HPRegen  0.38/turn              H - ring of Bodily Harmony {rN+++ MR- Str+3 Slay+4 Stlth-}
MPRegen  0.12/turn              d - ring of Umnimpyd {rF+ rC++ rN+ Int-4 Dex+2}

@: repel missiles, quick
A: hooves 1, horns 3, berserk 1, cold resistance 1, deformed body, deterioration
1, frail 2, low mp 2, powered by death 3, screaming 1, spiny 3, weak 2,
augmentation 3, sanguine armour 3
0: Orb of Zot
}: 4/15 runes: decaying, serpentine, silver, abyssal
a: Upheaval, Elemental Force, Disaster Area, Renounce Religion


You escaped.
You worshipped Qazlal.
Qazlal was exalted by your worship.
You were hungry.

You visited 13 branches of the dungeon, and saw 56 of its levels.
You visited the Abyss 4 times.
You also visited: Ossuary, Gauntlet and Ice Cave.

You collected 9075 gold pieces.
You spent 3277 gold pieces at shops.

Inventory:

Hand Weapons
 a - the +5 demon whip "Spellbinder" (weapon) {antimagic, MR+}
   (You acquired it in the Ecumenical Temple)

   It reduces the magical energy of the wielder, and disrupts the spells and
   magical abilities of those hit.
   Natural abilities and divine invocations are not affected.
   It affects your resistance to hostile enchantments.
Armour
 o - the +0 pair of fencer's gloves (worn) {Riposte Dex+3}
   (You found it on level 5 of the Vaults)

   It affects your dexterity (+3).
 N - +8 fire dragon scales (worn)
 U - a scarf of resistance (worn)
 W - the +4 large shield of the Sun (worn) {*Contam Int+5}
   (You found it on level 5 of the Vaults)

   It affects your intelligence (+5).
   It causes magical contamination when unequipped.
 Y - a +2 pair of boots of running (worn)
Jewellery
 d - the ring of Umnimpyd (right hand) {rF+ rC++ rN+ Int-4 Dex+2}
   (You found it on level 5 of the Vaults)

   [ring of protection from fire]

   It affects your intelligence (-4).
   It affects your dexterity (+2).
   It protects you from fire.
   It greatly protects you from cold.
   It protects you from negative energy.
 t - an uncursed ring of stealth
 H - the ring of Bodily Harmony (left hand) {rN+++ MR- Str+3 Slay+4 Stlth-}
   (You took it off a naga mage on level 3 of the Snake Pit)

   [ring of strength]

   It affects your strength (+3).
   It affects your accuracy and damage with ranged weapons and melee attacks
   (+4).
   It renders you almost immune to negative energy.
   It affects your resistance to hostile enchantments.
   It makes you less stealthy.
 I - an uncursed ring of wizardry
 J - an uncursed ring of positive energy
 T - the amulet "Rorakkom" (around neck) {Reflect rElec rN+ Str+3 SH+5}
   (You acquired it on level 3 of the Elven Halls)

   [amulet of reflection]

   It shields you and reflects attacks.
   It affects your strength (+3).
   It insulates you from electricity.
   It protects you from negative energy.
   It affects your SH (+5).
Wands
 c - a wand of digging (1)
 e - a wand of clouds (2)
 m - a wand of flame (172)
 v - a wand of iceblast (32)
 w - a wand of acid (46)
 F - a wand of enslavement (18)
 G - a wand of polymorph (22)
 X - a wand of disintegration (13)
 Z - a wand of paralysis (34)
Scrolls
 g - 17 scrolls of amnesia
 i - 4 scrolls of fog (quivered)
 n - 8 scrolls of fear
 q - 2 scrolls of enchant weapon
 r - 32 scrolls of remove curse
 x - 12 scrolls of teleportation
 y - a scroll of silence
 B - 20 scrolls of identify
 C - 4 scrolls of magic mapping
 D - a scroll of enchant armour
 K - a scroll of blinking
Potions
 b - a potion of might
 h - a potion of haste
 j - 8 potions of brilliance
 l - a potion of invisibility
 s - a potion of curing
 z - 8 potions of flight
 A - 5 potions of ambrosia
 E - 4 potions of agility
 M - a potion of heal wounds
Miscellaneous
 p - a lightning rod (4/4)
 Q - a phial of floods
Comestibles
 f - 66 rations


   Skills:
 + Level 17.9 Fighting
 + Level 18.4 Maces & Flails
 * Level 18.1 Armour
 + Level 14.6 Dodging
 * Level 22.9 Shields
 + Level 18.7 Unarmed Combat
 - Level 11.3 Spellcasting
   Level 1.3 Necromancy
 + Level 24.8 Invocations
 + Level 16.7 Evocations


You had 48 spell levels left.
You didn't know any spells.
Your spell library contained the following spells:

 Spells                   Type           Power        Failure   Level  Hunger
 Animate Skeleton         Necr           N/A          13%         1    None
 Corpse Rot               Necr           N/A          21%         2    None
 Sublimation of Blood     Necr           ####......   21%         2    None
 Apportation              Tloc           ###...       24%         1    None
 Beastly Appendage        Tmut           ###...       24%         1    None
 Confusing Touch          Hex            ###...       24%         1    None
 Corona                   Hex            ###....      24%         1    None
 Flame Tongue             Conj/Fire      ###..        24%         1    None
 Infusion                 Chrm           ###.         24%         1    None
 Magic Dart               Conj           ###.         24%         1    None
 Sandblast                Erth           ###...       24%         1    None
 Shock                    Conj/Air       ###.         24%         1    None
 Sting                    Conj/Pois      ###.         24%         1    None
 Summon Butterflies       Summ           ###.....     24%         1    None
 Summon Small Mammal      Summ           ###.         24%         1    None
 Blink                    Tloc           N/A          34%         2    None
 Call Imp                 Summ           ###.....     34%         2    None
 Ensorcelled Hibernation  Hex/Ice        ###...       34%         2    None
 Passwall                 Tmut/Erth      ###.....     34%         2    None
 Shroud of Golubria       Chrm/Tloc      ###...       34%         2    None
 Slow                     Hex            ###.....     34%         2    None
 Song of Slaying          Chrm           ###.....     34%         2    None
 Sticks to Snakes         Tmut           ###.....     34%         2    None
 Swiftness                Chrm/Air       ###.....     34%         2    None
 Throw Flame              Conj/Fire      ###...       34%         2    None
 Regeneration             Chrm/Necr      ###.......   45%         3    None
 Call Canine Familiar     Summ           ###.....     56%         3    None
 Confuse                  Hex            ###.....     56%         3    None
 Conjure Flame            Conj/Fire      ###.....     56%         3    None
 Dazzling Spray           Conj/Hex       ###...       56%         3    None
 Gell's Gravitas          Tloc           ###.......   56%         3    None
 Ignite Poison            Fire/Tmut/Pois ###.....     56%         3    None
 Inner Flame              Hex/Fire       ###.....     56%         3    None
 Lesser Beckoning         Tloc           ###.......   56%         3    None
 Mephitic Cloud           Conj/Pois/Air  ###.....     56%         3    None
 Recall                   Summ/Tloc      N/A          56%         3    None
 Spectral Weapon          Hex/Chrm       ###.....     56%         3    None
 Spider Form              Tmut/Pois      ###.......   56%         3    None
 Static Discharge         Conj/Air       ###.....     56%         3    None
 Stone Arrow              Conj/Erth      ###...       56%         3    None
 Summon Guardian Golem    Hex/Summ       ###.....     56%         3    None
 Teleport Other           Tloc           ###.....     56%         3    None
 Tukima's Dance           Hex            ###.....     56%         3    None
 Animate Dead             Necr           N/A          78%         4    ###....
 Airstrike                Air            ###.......   93%         4    ###....
 Cause Fear               Hex            ###.......   93%         4    ###....
 Ice Form                 Ice/Tmut       ###.....     93%         4    ###....
 Petrify                  Tmut/Erth      ###.....     93%         4    ###....
 Sticky Flame             Conj/Fire      ###.....     93%         4    ###....
 Summon Ice Beast         Ice/Summ       ###.....     93%         4    ###....
 Summon Lightning Spire   Summ/Air       ###.....     93%         4    ###....
 Throw Icicle             Conj/Ice       ###.....     93%         4    ###....
 Agony                    Necr           ####....     98%         5    #####..
 Dispel Undead            Necr           ####....     98%         5    #####..
 Bolt of Draining         Conj/Necr      ###.......   99%         5    #####..
 Borgnjor's Vile Clutch   Necr/Erth      ###.......   99%         5    #####..
 Excruciating Wounds      Chrm/Necr      ###.......   99%         5    #####..
 Alistair's Intoxication  Tmut/Pois      ###.....     100%        5    #####..
 Blade Hands              Tmut           ###.......   100%        5    #####..
 Bolt of Magma            Conj/Fire/Erth ###.......   100%        5    #####..
 Fireball                 Conj/Fire      ###.......   100%        5    #####..
 Iskenderun's Battlesphe  Conj/Chrm      ###.....     100%        5    #####..
 Lee's Rapid Deconstruct  Erth           ###.......   100%        5    #####..
 Lightning Bolt           Conj/Air       ###.......   100%        5    #####..
 Metabolic Englaciation   Hex/Ice        ###.......   100%        5    #####..
 Silence                  Hex/Air        ###.......   100%        5    #####..
 Summon Mana Viper        Hex/Summ       ###.....     100%        5    #####..
 Venom Bolt               Conj/Pois      ###.......   100%        5    #####..
 Yara's Violent Unravell  Hex/Tmut       ###.......   100%        5    #####..
 Bolt of Cold             Conj/Ice       ###.......   100%        6    ######.
 Bolt of Fire             Conj/Fire      ###.......   100%        6    ######.
 Darkness                 Hex            ###.......   100%        6    ######.
 Death Channel            Necr           ####......   100%        6    ######.
 Deflect Missiles         Chrm/Air       ###.......   100%        6    ######.
 Freezing Cloud           Conj/Ice/Air   ###.......   100%        6    ######.
 Invisibility             Hex            ###.....     100%        6    ######.
 Iron Shot                Conj/Erth      ###.......   100%        6    ######.
 Poison Arrow             Conj/Pois      ###.......   100%        6    ######.
 Shadow Creatures         Summ           N/A          100%        6    ######.
 Simulacrum               Ice/Necr       ###.......   100%        6    ######.
 Dragon Form              Tmut           ###.......   100%        7    #######
 Orb of Destruction       Conj           ###.......   100%        7    #######
 Spellforged Servitor     Conj/Summ      ###.......   100%        7    #######
 Summon Hydra             Summ           ###.......   100%        7    #######
 Chain Lightning          Conj/Air       ###.......   100%        8    #######
 Discord                  Hex            ###.......   100%        8    #######
 Ignition                 Fire           ###.......   100%        8    #######
 Lehudib's Crystal Spear  Conj/Erth      ###.......   100%        8    #######
 Dragon's Call            Summ           ###.......   100%        9    #######
 Fire Storm               Conj/Fire      ###.......   100%        9    #######
 Glaciate                 Conj/Ice       ###.......   100%        9    #######
 Shatter                  Erth           ###.......   100%        9    #######
 Tornado                  Air            ###.......   100%        9    #######
 Passage of Golubria      Tloc           Unusable     N/A         4    N/A

Dungeon Overview and Level Annotations

Branches:
Dungeon (15/15)            Temple (1/1) D:7            Lair (6/6) D:10
  Swamp (4/4) Lair:4        Snake (4/4) Lair:4        Slime (0/5) Lair:5
    Orc (2/2) D:10            Elf (3/3) Orc:2        Vaults (5/5) D:13
  Crypt (3/3) Vaults:3       Tomb (2/3) Crypt:3      Depths (5/5) D:15
   Hell (visited)             Zot (5/5) Depths:5    Ossuary (visited)
  IceCv (visited)         Gauntlet (visited)
    Dis: Hell:1         Geh: Hell:1         Coc: Hell:1         Tar: Hell:1

Altars:
Ashenzari
Cheibriados
Dithmenos
Elyvilon
Fedhas
Gozag
Hepliaklqana
Kikubaaqudgha
Makhleb
Nemelex Xobeh
Okawaru
Qazlal
Ru
Sif Muna
Trog
Uskayaw
Vehumet
Wu Jian
Xom
Yredelemnul
Zin
The Shining One
Jiyva

Shops:
D:10 :   Orc:2 ((?(   Elf:3 %((   Vaults:1 =   Vaults:3 =

Portals:
Hell: Depths:1 Depths:2 Depths:3 Depths:4 Depths:5
Abyss: Depths:4
Pandemonium: Depths:3 Depths:5
Ziggurat: Depths:5

Annotations:
D:8 2 runed translucent doors, Prakerore's ghost, novice OgEE
D:9 3 runed translucent doors, Cidram's ghost, journeyman MiFi
D:15 Mara
Lair:2 exclusion: oklob plant
Vaults:2 3 runed translucent doors, hyperkahler's ghost, veteran MiFi
Depths:5 1 runed translucent door
Hell Geryon
Zot:1 2 transporters, exclusion: orange crystal statue


Innate Abilities, Weirdness & Mutations

You have a pair of large horns on your head.
You regenerate a lot of health from kills.
You are completely covered in sharp spines.
Your magical and physical power is greatly enhanced at high health.
When seriously injured, your bleeding wounds create very thick armour. (AC +0)
You have large cloven feet.
You tend to lose your temper in combat.
Your flesh is cold resistant. (rC+)
Armour fits poorly on your strangely shaped body.
Your body sometimes deteriorates upon taking damage.
You are very frail. (-20% HP)
Your magical capacity is very low. (-20% MP)
You occasionally shout uncontrollably at your foes.
You are very weak. (Str -4)


Message History

There is a stone staircase leading up here.
You climb upwards.
There is a stone staircase leading down here.
There is a stone staircase leading up here.
You climb upwards.
There is a stone staircase leading down here.
(D) Dungeon (T) Temple (L) Lair (S) Swamp (P) Snake Pit (M) Slime Pits (O) Orcish Mines (E) Elven Halls (V) Vaults (C) Crypt (W) Tomb (U) Depths (H) Hell (Z) Zot
Where to? (Enter - D:1, ? - help) You're already here!
Evoke which item? (* to show all) (? for menu, Esc to quit)
Aiming: Dig
Press: ? - help, Shift-Dir - straight line This square is covered in magical glow.
The rock shatters into small pieces.
There is a staircase leading out of the dungeon here.
You can't go down here!
You have escaped!

####..#######.#...## #.# #
#..........##.## #.# ##
#.###########.# ###.# .# #...#
#.# #.... .# ###.# ##'## #.#.# .#
#.# #...## #.#.# ## #.#
#########.## #.#.# #
#.###.......##.# ##.#..
############.○○.@§...#######...##
.............°○○§.○.......##....#
######...⌠....##'##....⌠...#.....
# #........#...#........##...( #
#........#8.8#........###... #
###########'########### #... #.#
#.##+# #... #.# #....# #... #.#
####.# #...


There were no monsters in sight!

Vanquished Creatures
  4 orbs of fire
  6 ancient liches (Zot:5)
  Mennas (Vaults:3)
  3 juggernauts
  3 greater mummies
  Frederick (Depths:3)
  Saint Roka (Elf:2)
  Bai Suzhen (Depths:2)
  Vashnia (Snake:3)
  3 Killer Klowns
  2 curse toes
  The ghost of meepyknight the Bringer of Light, a veteran GrFi of the Shining One (Vaults:3)
  11 golden dragons
  Nikola (Swamp:2)
  2 profane servitors
  9 bone dragons
  Rupert (D:13)
  Jorgrun (Snake:3)
  2 electric golems (Zot:5)
  22 tentacled monstrosities
  3 deep elf master archers
  26 Orb Guardians
  7 liches
  3 deep elf blademasters
  A kraken (Abyss:3)
  3 quicksilver dragons
  2 titans (Vaults:5)
  14 tentacled starspawn
  11 sphinxes
  3 death cobs
  2 ancient champions (Tomb:2)
  5 Executioners
  An eldritch tentacle (Abyss:4)
  4 thorn hunters
  Kirke (D:14)
  7 shadow dragons
  8 tengu reavers
  17 storm dragons
  8 frost giants
  6 draconian monks
  2 azure jellies
  11 nagarajas
  4 ghost moths
  4 draconian knights
  18 vault wardens
  7 iron dragons
  6 draconian scorchers
  Louise (Snake:3)
  8 fire giants
  4 cacodemons
  6 deep elf sorcerers
  4 curse skulls
  A balrug (Depths:2)
  9 ghouls
  3 deep elf elementalists (Elf:3)
  3 draconian stormcallers
  5 draconian shifters
  6 draconian annihilators
  16 stone giants
  22 very ugly things
  A reaper (Abyss:4)
  An entropy weaver (shapeshifter) (Depths:5)
  10 ironheart preservers
  3 entropy weavers
  3 vampire knights (Crypt:1)
  10 green draconians
  5 deep elf demonologists
  7 deep elf annihilators
  Azrael (Orc:1)
  4 bennus (Tomb:2)
  A lorocyproca (Depths:5)
  9 dire elephants
  8 red draconians
  A minotaur (Gauntlet)
  10 white draconians
  6 yellow draconians
  6 purple draconians
  2 blizzard demons
  13 black draconians
  15 ettins
  2 merfolk javelineers (Vaults:4)
  12 deep elf death magi
  An ettin (shapeshifter) (Depths:5)
  11 mummy priests
  7 eidola
  3 green deaths
  14 fire dragons
  19 yaktaur captains
  8 jiangshi
  A deep elf high priest (Elf:3)
  7 great orbs of eyes
  14 hydras
  33 naga warriors
  9 rakshasas
  30 vault guards
  5 spriggan air magi
  6 death knights
  2 catoblepae
  A ghost crab (Swamp:2)
  24 ice dragons
  An anaconda (shapeshifter) (Depths:5)
  4 shambling mangroves
  6 anacondas
  An alligator snapping turtle (Depths:2)
  14 centaur warriors
  A hell beast (Depths:2)
  12 ogre magi
  14 deep troll shamans
  44 two-headed ogres
  31 small abominations
  4 vampire magi
  11 alligators
  41 death scarabs
  A queen ant (Snake:2)
  6 deep troll earth magi
  24 dancing weapons
  4 spriggan berserkers
  45 thrashing horrors
  7 death yaks
  4 hell hogs
  3 orc high priests (Orc:2)
  24 naga sharpshooters
  5 tengu warriors
  3 soul eaters
  5 spriggans
  A storm dragon zombie (Abyss:5)
  5 shock serpents
  Sonja (D:10)
  2 hell knights
  9 wretched stars
  Nergalle (Lair:4)
  23 deep elf knights
  3 shadow wraiths
  11 sun demons
  6 sixfirhies
  48 large abominations
  10 iron trolls
  3 salamander mystics
  11 glowing orange brains
  5 spriggan druids
  2 golden dragon zombies
  49 skeletal warriors
  A torturous demonspawn (Depths:5)
  5 spatial maelstroms
  A sea snake (Snake:1)
  An infernal demonspawn (Depths:3)
  A ghost moth zombie (Crypt:2)
  A shadow demon (Abyss:4)
  19 deep trolls
  3 unseen horrors
  17 ironbrand convokers
  11 naga ritualists
  5 flayed ghosts
  14 swamp dragons
  3 anaconda zombies
  7 wizards
  2 harpies (shapeshifter)
  25 phantasmal warriors
  2 iron dragon zombies
  A stone giant zombie (Crypt:3)
  8 deep elf archers
  3 necromancers
  13 harpies
  4 wolf spider zombies
  53 deep elf magi
  18 orc knights
  A fire giant zombie (Crypt:3)
  A wolf spider (shapeshifter) (Vaults:5)
  17 salamanders
  11 mana vipers
  10 wolf spiders
  An orb spider (Abyss:5)
  5 orc sorcerers
  4 cyclopes
  A manticore (shapeshifter) (Vaults:5)
  41 ugly things
  A fire giant skeleton (Crypt:1)
  A stone giant skeleton (Depths:1)
  A cyclops (shapeshifter) (Vaults:5)
  10 elephants
  6 apocalypse crabs
  3 rust devils
  6 manticores
  11 worldbinders
  A frost giant skeleton (Crypt:1)
  19 moths of wrath
  A moth of wrath (shapeshifter) (Abyss:5)
  2 ice statues (IceCv)
  Joseph (D:9)
  35 black mambas
  10 guardian serpents
  13 smoke demons
  A guardian serpent (shapeshifter) (Vaults:5)
  14 vault sentinels
  25 naga magi
  4 orange demons
  18 spiny frogs
  12 rime drakes
  A gargoyle (D:12)
  3 komodo dragons (Lair:1)
  2 demonic crawlers
  An efreet (Abyss:4)
  A hellion (Depths:2)
  17 freezing wraiths
  54 yaktaurs
  An alligator snapping turtle skeleton (Crypt:2)
  2 ice devils
  2 jumping spiders (Crypt:3)
  2 silent spectres
  A tormentor (Abyss:2)
  24 guardian mummies
  2 trolls (shapeshifter)
  2 red devils
  8 tengu conjurers
  A catoblepas skeleton (Crypt:2)
  A sea snake skeleton (Crypt:1)
  A death yak skeleton (Crypt:1)
  15 ancient zymes
  6 hellwings
  A jumping spider (shapeshifter) (Vaults:5)
  A white draconian skeleton (Crypt:2)
  8 trolls
  2 hydra zombies
  4 meliai (Abyss:5)
  2 polar bears
  20 hornets
  3 queen bees
  A merfolk (Snake:1)
  2 ettin zombies
  A hornet (shapeshifter) (Depths:1)
  7 dream sheep (Lair:4)
  Grinder (D:3)
  10 tyrant leeches
  2 wind drakes (shapeshifter) (Vaults:4)
  An alligator zombie (Crypt:3)
  37 raiju
  29 slime creatures
  A jumping spider zombie (Crypt:1)
  A stone giant simulacrum (Vaults:1)
  A raiju (shapeshifter) (Abyss:3)
  An ice dragon zombie (Crypt:3)
  A dream sheep (shapeshifter) (Depths:4)
  7 hippogriffs
  9 bog bodies
  6 blink frogs
  3 hippogriffs (shapeshifter)
  34 flying skulls
  9 shadows
  Sigmund (D:6)
  2 centaur simulacra (D:13)
  An ettin skeleton (Depths:1)
  13 redbacks
  6 ynoxinuls
  An alligator skeleton (Crypt:1)
  A satyr skeleton (Crypt:1)
  54 yaks
  2 vampires
  A wyvern (shapeshifter) (Vaults:2)
  4 air elementals
  2 hogs (D:14)
  8 wraiths
  A tarantella (shapeshifter) (Vaults:1)
  4 water elementals
  6 golden eyes (Abyss:4)
  5 wyverns
  8 fire elementals
  2 humans (D:13)
  2 ushabtiu
  A golden eye (shapeshifter) (Depths:5)
  3 neqoxecs
  8 vampire mosquitoes
  2 hungry ghosts
  4 chaos spawn
  23 swamp worms
  6 wargs
  93 nagas
  A tengu zombie (Hell)
  9 insubstantial wisps
  2 acid dragons
  2 harpy simulacra
  3 soldier ants
  A spiny frog zombie (Crypt:3)
  21 hell hounds
  A spatial vortex (Vaults:4)
  13 water moccasins
  A water moccasin (shapeshifter) (Vaults:3)
  A floating eye (Depths:5)
  A floating eye (shapeshifter) (Depths:2)
  9 porcupines
  14 swamp drakes
  42 orc warriors
  4 hornet zombies
  A sky beast (shapeshifter) (Vaults:2)
  5 sky beasts
  2 ettin simulacra
  19 ice beasts
  3 black bears
  A black bear (shapeshifter) (Abyss:4)
  3 eyes of draining
  20 necrophages
  5 phantoms
  11 boggarts
  2 tengu (shapeshifter)
  An eye of draining (shapeshifter) (D:13)
  34 ogres
  A crocodile (shapeshifter) (Depths:5)
  14 wolves
  24 centaurs
  A centaur (shapeshifter) (Elf:3)
  11 crocodiles
  A big kobold (D:13)
  23 bullfrogs
  A rime drake skeleton (Crypt:2)
  4 earth elementals
  A gnoll sergeant (D:10)
  A salamander skeleton (Crypt:1)
  2 wyvern zombies
  A water moccasin skeleton (D:5)
  17 scorpions
  6 wyvern skeletons
  A polar bear zombie (Crypt:1)
  63 killer bees
  A troll skeleton (Crypt:2)
  5 howler monkeys
  13 wights
  5 electric eels
  8 crimson imps
  5 bullfrog zombies
  10 centaur zombies
  A quasit (Abyss:2)
  51 starcursed masses
  An elf simulacrum (Abyss:5)
  A human zombie (Ossuary)
  20 orc priests
  2 centaur skeletons
  12 hounds
  A gnoll shaman (Orc:1)
  3 bullfrog skeletons
  6 jellies
  3 iron imps (Gauntlet)
  Terence (D:2)
  8 iguanas
  Natasha (thrice) (D:2)
  20 orc wizards
  18 worker ants
  3 big kobold zombies (Ossuary)
  A bullfrog simulacrum (D:13)
  A hound zombie (Crypt:2)
  A human simulacrum (Crypt:1)
  2 hound skeletons
  42 mummies
  2 howler monkey zombies
  12 gnolls
  A howler monkey skeleton (D:7)
  17 adders
  3 scorpion zombies (Ossuary)
  3 shadow imps
  3 white imps
  2 ufetubi
  4 oozes
  2 adder skeletons
  3 worms
  A ball lightning (Snake:3)
  6 dart slugs
  7 leopard geckos
  110 orcs
  12 bats
  5 giant cockroaches
  9 goblins
  6 hobgoblins
  7 jackals (D:1)
  6 quokkas
  A ball python (D:6)
  4 frilled lizards
  A giant cockroach zombie (D:6)
  3 gnoll zombies (Ossuary)
  A goblin zombie (Ossuary)
  3 hobgoblin zombies (Ossuary)
  A jackal zombie (D:5)
  13 kobolds
  2 kobold zombies (Ossuary)
  A leopard gecko skeleton (D:8)
  A leopard gecko zombie (D:5)
  4 orc zombies (Ossuary)
  A quokka zombie (D:5)
  6 rats
  14 briar patches
  9 crawling corpses
  2 fire vortices
  A lurking horror (Abyss:1)
  2 starspawn tentacles
  4 tentacles (Abyss:3)
  4 withered plants (Crypt:3)
3250 creatures vanquished.

Vanquished Creatures (collateral kills)
  An orb of fire (Zot:5)
  A titan (Vaults:5)
  A sphinx (Depths:2)
  A storm dragon (Zot:3)
  A draconian scorcher (Zot:3)
  A vault warden (Vaults:2)
  A deep elf sorcerer (Vaults:4)
  An ironheart preserver (Vaults:4)
  2 deep elf demonologists (Elf:3)
  A red draconian (Zot:3)
  A black draconian (Zot:3)
  A green death (Depths:2)
  An ettin (Depths:5)
  2 eidola (Crypt:3)
  A deep elf death mage (Vaults:5)
  A rakshasa (Abyss:2)
  A great orb of eyes (Depths:5)
  A two-headed ogre (shapeshifter) (Vaults:5)
  A hell hog (Depths:2)
  A shock serpent (Snake:4)
  A naga sharpshooter (Snake:4)
  2 deep elf knights
  2 skeletal warriors (Vaults:2)
  An unseen horror (Vaults:1)
  A spatial maelstrom (Abyss:4)
  A deep troll (Vaults:5)
  A deep elf archer (Vaults:2)
  6 deep elf magi
  A phantasmal warrior (Crypt:1)
  A naga mage (Snake:2)
  4 vault sentinels
  8 yaktaurs
  An ice devil (Depths:2)
  A jumping spider (shapeshifter) (Vaults:5)
  A jumping spider (Vaults:5)
  A hornet (Vaults:1)
  A redback (Vaults:1)
  A shadow (Abyss:2)
  2 nagas
  An orc warrior (Elf:2)
  An orc wizard (Elf:2)
  A mummy (Tomb:2)
  An orc (Vaults:2)
  A withered plant (Crypt:3)
64 creatures vanquished.

Vanquished Creatures (others)
  3 ancient liches (Zot:5)
  A greater mummy (Tomb:2)
  5 eldritch tentacles
  2 vault wardens (Vaults:5)
  A draconian shifter (Zot:1)
  6 stone giants
  A very ugly thing (Vaults:5)
  2 deep elf death magi
  2 yaktaur captains
  A spriggan air mage (Depths:5)
  An ogre mage (Depths:1)
  A satyr (Abyss:5)
  A centaur warrior (Depths:2)
  A hell hog (Abyss:5)
  4 naga sharpshooters
  A deep elf archer (Vaults:3)
  A flayed ghost (Vaults:4)
  A large abomination (Abyss:5)
  4 deep elf magi
  A wolf spider (shapeshifter) (Vaults:5)
  A vault sentinel (Vaults:1)
  11 yaktaurs
  An ancient zyme (Abyss:5)
  A tyrant leech (Swamp:2)
  A flying skull (Tomb:2)
  3 spatial vortices
  A naga (Snake:3)
  A boggart (Vaults:2)
  6 centaurs
  A killer bee (Abyss:5)
  A mummy (Tomb:2)
  9 ball lightnings
  A briar patch (Swamp:2)
  2 bushes (Depths:2)
  A crawling corpse (Vaults:5)
  A fire vortex (Abyss:5)
  18 fungi
  2 lurking horrors (Abyss:4)
  38 plants
  31 starspawn tentacles
  3 tentacles (Abyss:3)
  8 toadstools (Swamp:2)
  7 withered plants (Crypt:3)
189 creatures vanquished.

Grand Total: 3503 creatures vanquished

Notes
Turn   | Place    | Note
-------+----------+-------------------------------------------
     0 | D:1      | Dabs the Demonspawn Fighter began the quest for the Orb.
     0 | D:1      | Reached XP level 1. HP: 18/18 MP: 1/1
   357 | D:1      | Gained mutation: You are partially covered in sharp spines.
                  | [demonic ancestry]
   357 | D:1      | Reached XP level 2. HP: 22/24 MP: 2/2
   584 | D:1      | Gained mutation: You have a pair of small horns on your
                  | head. [demonic ancestry]
   584 | D:1      | Reached XP level 3. HP: 29/29 MP: 3/3
  1032 | D:2      | Noticed Natasha
  1041 | D:2      | Killed Natasha
  1041 | D:2      | Gained mutation: When seriously injured, your bleeding
                  | wounds create armour. (AC +0) [demonic ancestry]
  1041 | D:2      | Reached XP level 4. HP: 30/35 MP: 4/4
  1429 | D:2      | Reached skill level 1 in Unarmed Combat
  1472 | D:2      | Noticed Natasha
  1478 | D:2      | Killed Natasha
  1478 | D:2      | Reached XP level 5. HP: 9/42 MP: 5/5
  1929 | D:2      | Noticed Terence
  1937 | D:2      | Killed Terence
  2024 | D:2      | Noticed Natasha
  2028 | D:2      | Killed Natasha
  2178 | D:3      | Reached XP level 6. HP: 37/48 MP: 6/6
  2256 | D:3      | Noticed Grinder
  2269 | D:3      | Killed Grinder
  2570 | D:3      | Reached XP level 7. HP: 55/55 MP: 7/7
  2779 | D:4      | Reached skill level 5 in Maces & Flails
  3575 | D:4      | Found an opulent altar of Gozag.
  3845 | D:5      | Entered Level 5 of the Dungeon
  3864 | D:5      | Reached skill level 5 in Fighting
  3892 | D:5      | Gained mutation: You have a pair of horns on your head.
                  | [demonic ancestry]
  3892 | D:5      | Reached XP level 8. HP: 53/61 MP: 8/8
  4099 | D:5      | Reached skill level 5 in Armour
  4987 | D:6      | Noticed Sigmund
  5000 | D:6      | Gained mutation: Your magical and physical power is
                  | slightly enhanced at high health. [demonic ancestry]
  5000 | D:6      | Reached XP level 9. HP: 60/68 MP: 9/9
  5004 | D:6      | Killed Sigmund
  5647 | D:6      | Found an ancient bone altar of Kikubaaqudgha.
  5770 | D:7      | Reached skill level 5 in Unarmed Combat
  5805 | D:7      | Found a sand-covered staircase.
  5813 | Ossuary  | Entered an ossuary
  7031 | D:7      | Noticed a two-headed ogre
  7043 | D:7      | Killed a two-headed ogre
  7043 | D:7      | Reached XP level 10. HP: 78/78 MP: 10/10
  7811 | D:7      | Reached skill level 1 in Evocations
  8038 | D:7      | Found a staircase to the Ecumenical Temple.
  8067 | Temple   | Entered the Ecumenical Temple
  8278 | Temple   | Became a worshipper of Qazlal Stormbringer
  9136 | D:8      | Found a viscous altar of Jiyva.
  9146 | D:8      | Reached * piety under Qazlal
  9359 | D:8      | Found a large runed translucent door.
  9359 | D:8      | Noticed Prakerore's ghost (novice OgEE)
  9360 | D:8      | Found a large runed translucent door.
 10157 | D:9      | Found a hide-covered altar of Uskayaw.
 10242 | D:9      | Found a runed translucent gate.
 10243 | D:9      | Noticed Cidram's ghost (journeyman MiFi)
 10245 | D:9      | Found a runed translucent gate.
 10245 | D:9      | Found a runed translucent gate.
 10247 | D:9      | Identified the +4 dagger "Ryuquuth" {chaos, Int+2}
 10388 | D:9      | Reached ** piety under Qazlal
 10468 | D:9      | Noticed Joseph
 10482 | D:9      | Killed Joseph
 10482 | D:9      | Gained mutation: You have a pair of large horns on your
                  | head. [demonic ancestry]
 10482 | D:9      | Reached XP level 11. HP: 52/86 MP: 13/13
 10503 | D:9      | Reached skill level 10 in Maces & Flails
 10755 | D:10     | Entered Level 10 of the Dungeon
 10844 | D:10     | Found a staircase to the Orcish Mines.
 10983 | D:10     | Found a staircase to the Lair.
 10987 | D:10     | Noticed Sonja
 11314 | D:10     | Found Woguzumodd's Book Emporium.
 11729 | D:10     | Killed Sonja
 13076 | D:11     | Reached *** piety under Qazlal
 13776 | D:11     | Noticed a red ugly thing
 13782 | D:11     | Killed a red ugly thing
 13842 | D:11     | Noticed a green ugly thing
 13851 | D:11     | Killed a green ugly thing
 14229 | D:10     | Got a jewelled ring mail
 14240 | D:10     | Identified the +5 ring mail of Altruism {rC- rN++} (You
                  | found it on level 10 of the Dungeon)
 14398 | Lair:1   | Entered Level 1 of the Lair of Beasts
 14425 | Lair:1   | Reached skill level 5 in Evocations
 14664 | Lair:1   | Gained mutation: Your magical and physical power is
                  | enhanced at high health. [demonic ancestry]
 14664 | Lair:1   | Reached XP level 12. HP: 76/95 MP: 15/15
 14929 | Lair:1   | Noticed a six-headed hydra
 14934 | Lair:1   | Killed a six-headed hydra
 15563 | Lair:1   | Reached **** piety under Qazlal
 16994 | Lair:3   | Reached ***** piety under Qazlal
 17006 | Lair:3   | Reached skill level 1 in Invocations
 17015 | Lair:3   | Reached skill level 10 in Fighting
 17446 | Lair:4   | Reached skill level 1 in Dodging
 17463 | Lair:4   | Noticed a four-headed hydra
 17469 | Lair:4   | Killed a four-headed hydra
 17469 | Lair:4   | Gained mutation: You regenerate a little health from kills.
                  | [demonic ancestry]
 17469 | Lair:4   | Reached XP level 13. HP: 103/103 MP: 16/18
 17488 | Lair:4   | Found a staircase to the Swamp.
 17508 | Lair:4   | Reached skill level 2 in Invocations
 17565 | Lair:4   | Found a staircase to the Snake Pit.
 17828 | Lair:4   | Found a dark tunnel.
 18075 | Lair:4   | Noticed Nergalle
 18082 | Lair:4   | Killed Nergalle
 18309 | Lair:5   | Reached skill level 3 in Invocations
 18784 | Lair:5   | Found a staircase to the Slime Pits.
 19133 | Lair:6   | Entered Level 6 of the Lair of Beasts
 19187 | Lair:6   | Found a gate leading to a gauntlet.
 19198 | Gauntlet | Entered a Gauntlet
 19198 | Gauntlet | Found a transporter.
 19198 | Gauntlet | Found a transporter.
 19199 | Gauntlet | Found a runed translucent door.
 19206 | Gauntlet | Found a transporter.
 19210 | Gauntlet | Found a transporter.
 19218 | Gauntlet | Found a transporter.
 19222 | Gauntlet | Found a transporter.
 19230 | Gauntlet | Found a transporter.
 19245 | Gauntlet | Found a runed translucent gate.
 19246 | Gauntlet | Found a transporter.
 19246 | Gauntlet | Found a runed translucent gate.
 19247 | Gauntlet | Found a runed translucent gate.
 19255 | Gauntlet | Found a transporter.
 19277 | Gauntlet | Found a transporter.
 19285 | Gauntlet | Found a transporter.
 19289 | Gauntlet | Found a transporter.
 19623 | Gauntlet | Reached skill level 4 in Invocations
 19650 | Gauntlet | Identified a +1 pair of boots of running (You found it in a
                  | Gauntlet)
 19736 | Gauntlet | Noticed a minotaur
 19746 | Gauntlet | Killed a minotaur
 19773 | Gauntlet | Found the +3 salamander hide armour {+Rage rF++}
 19858 | Lair:6   | Reached skill level 5 in Invocations
 20349 | Lair:6   | Gained mutation: When seriously injured, your bleeding
                  | wounds create thick armour. (AC +0) [demonic ancestry]
 20349 | Lair:6   | Reached XP level 14. HP: 105/111 MP: 19/19
 20983 | D:12     | Reached skill level 6 in Invocations
 21156 | D:12     | Reached skill level 10 in Armour
 21461 | Temple   | Identified a scroll of acquirement
 21462 | Temple   | Found the +5 demon whip "Spellbinder" {antimagic, MR+}
 21755 | Orc:1    | Entered Level 1 of the Orcish Mines
 21955 | Orc:1    | Reached ****** piety under Qazlal
 21966 | Orc:1    | Found a burning altar of Makhleb.
 22082 | Orc:2    | Entered Level 2 of the Orcish Mines
 22082 | Orc:2    | Noticed Azrael
 22090 | Orc:1    | Killed Azrael
 22416 | Orc:2    | Found a staircase to the Elven Halls.
 23039 | Orc:2    | Reached skill level 7 in Invocations
 23111 | Orc:2    | Reached skill level 1 in Spellcasting
 23722 | Orc:2    | Found Otremad's Antique Weapon Shop.
 23726 | Orc:2    | Found Zumag's Magic Scroll Emporium.
 23732 | Orc:2    | Found Gerreido's Antique Weapon Emporium.
 23734 | Orc:2    | Found Ehimpesm's Antique Weapon Shop.
 23742 | Orc:2    | Bought a translucent flail for 255 gold pieces
 23742 | Orc:2    | Identified the +1 flail of Kismet {flame, SInv Stlth+} (You
                  | bought it in a shop on level 2 of the Orcish Mines)
 23880 | D:13     | Reached skill level 5 in Dodging
 23880 | D:13     | Reached skill level 10 in Unarmed Combat
 24118 | D:13     | Noticed Rupert
 24129 | D:13     | Killed Rupert
 24129 | D:13     | Reached XP level 15. HP: 99/119 MP: 2/21
 24319 | D:13     | Found a frozen archway.
 24326 | IceCv    | Entered an ice cave
 25225 | D:13     | Reached skill level 8 in Invocations
 25681 | Swamp:1  | Entered Level 1 of the Swamp
 26609 | Swamp:2  | Noticed a thorn hunter
 26625 | Swamp:2  | Killed a thorn hunter
 26957 | Swamp:2  | Noticed Nikola
 26976 | Swamp:2  | Killed Nikola
 27036 | Swamp:2  | Reached skill level 9 in Invocations
 27161 | Swamp:2  | Noticed a thorn hunter
 27167 | Swamp:2  | Killed a thorn hunter
 27664 | Swamp:3  | Noticed a thorn hunter
 27669 | Swamp:3  | Killed a thorn hunter
 27670 | Swamp:3  | Identified the amulet "Ihompimp" {Spirit *Corrode MR+
                  | Int+7}
 27873 | Swamp:3  | Reached XP level 16. HP: 64/127 MP: 7/23
 28485 | Swamp:3  | Got a pair of faintly glowing boots
 28496 | Swamp:3  | Identified the +0 pair of boots of the Armadillo {rF+} (You
                  | acquired it on level 3 of the Swamp)
 28507 | Swamp:3  | Gained mutation: Your spells are a little easier to cast,
                  | but a little less powerful. [potion of mutation]
 28507 | Swamp:3  | Gained mutation: Your muscles are strong. (Str +2) [potion
                  | of mutation]
 29190 | D:13     | Found a gate to the Vaults.
 29424 | D:14     | Noticed Kirke
 29440 | D:14     | Killed Kirke
 29656 | D:14     | Reached skill level 5 in Shields
 30004 | D:15     | Entered Level 15 of the Dungeon
 30026 | D:15     | Reached skill level 10 in Evocations
 30105 | D:15     | Reached skill level 10 in Invocations
 30360 | D:15     | Found a staircase to the Depths.
 30997 | Swamp:4  | Entered Level 4 of the Swamp
 31998 | Swamp:4  | Got a decaying rune of Zot
 32307 | Vaults:1 | Entered Level 1 of the Vaults
 32343 | Vaults:1 | Reached XP level 17. HP: 110/135 MP: 8/24
 33318 | Vaults:1 | Reached skill level 11 in Invocations
 33414 | Vaults:1 | Found Gaosaus's Jewellery Boutique.
 33758 | Vaults:1 | Got an iridescent dire flail
 33764 | Vaults:1 | Identified the cursed +0 dire flail of Evil {vamp, rPois
                  | Str+4} (You found it on level 1 of the Vaults)
 33960 | Orc:2    | Bought a steaming morningstar for 270 gold pieces
 34016 | Elf:1    | Entered Level 1 of the Elven Halls
 34165 | Elf:1    | Identified Echoosch's Collected Works on Confrontation
 34251 | Elf:1    | You fall into a shaft and drop 1 floor!
 35083 | Elf:2    | Noticed Saint Roka
 35186 | Elf:2    | Killed Saint Roka
 35466 | Elf:1    | Gained mutation: You are mostly covered in sharp spines.
                  | [demonic ancestry]
 35466 | Elf:1    | Reached XP level 18. HP: 142/142 MP: 9/27
 35467 | Elf:1    | Reached skill level 1 in Necromancy
 35467 | Elf:1    | Gained mutation: You regenerate health from kills. [demonic
                  | ancestry]
 35467 | Elf:1    | Reached XP level 19. HP: 149/149 MP: 9/28
 35687 | Elf:2    | Found a runed translucent gate.
 35687 | Elf:2    | Found a runed translucent gate.
 35688 | Elf:2    | Found a runed translucent gate.
 36028 | Elf:2    | Gained mutation: You regenerate a lot of health from kills.
                  | [demonic ancestry]
 36028 | Elf:2    | Reached XP level 20. HP: 152/156 MP: 9/29
 36503 | Elf:3    | Entered Level 3 of the Elven Halls
 36549 | Elf:3    | Found an ancient bone altar of Kikubaaqudgha.
 36766 | Elf:3    | Reached skill level 12 in Invocations
 36936 | Elf:3    | Reached skill level 15 in Maces & Flails
 37041 | Elf:3    | Identified the ring "Lezifrea" {rN+ Slay+3}
 37062 | Elf:3    | Cast into level 3 of the Abyss (a deep elf sorcerer)
 37123 | Elf:3    | Escaped the Abyss
 37153 | Elf:3    | Identified the +10 quarterstaff of an ice cave {holy, Str+7
                  | Int+6 Dex+2}
 37189 | Elf:3    | Identified the cursed +1 chain mail of Ynemuk {Int+4 SInv
                  | Stlth-}
 37281 | Elf:3    | Identified the Tome of Poisonous Curses
 37294 | Elf:3    | Identified the Compendium of Dusty Air
 37323 | Elf:3    | Got an ancient steel amulet
 37325 | Elf:3    | Identified the amulet "Rorakkom" {Reflect rElec rN+ Str+3
                  | SH+5} (You acquired it on level 3 of the Elven Halls)
 37328 | Elf:3    | Got a bloodstained chain mail
 37341 | Elf:3    | Identified the +3 chain mail of the Eternal Void {Dex+2}
                  | (You found it on level 3 of the Elven Halls)
 37368 | Elf:3    | Got a fine fustibalus
 37398 | Elf:3    | Identified the Collected Works on the Glacial Blaze
 37402 | Elf:3    | Identified the Reference Book on the Frostbite and the
                  | Birds
 37589 | Elf:3    | Found Jadeq's Food Boutique.
 37595 | Elf:3    | Found Houwnu Wiwe's Antique Weapon Boutique.
 37836 | Elf:3    | Found Pophoen's Antique Weapon Shop.
 38466 | Snake:1  | Entered Level 1 of the Snake Pit
 38883 | Snake:1  | Found a runed translucent door.
 39312 | Snake:2  | Reached XP level 21. HP: 163/164 MP: 10/32
 39414 | Snake:2  | Noticed Aizul
 39418 | Snake:2  | Noticed Aizul
 39418 | Snake:2  | Aizul changed into Aizul the queen ant
 39422 | Snake:2  | Killed Aizul the queen ant
 40075 | Snake:3  | Noticed Jorgrun
 40079 | Snake:3  | Reached skill level 13 in Invocations
 40093 | Snake:3  | Killed Jorgrun
 40292 | Snake:3  | Noticed Vashnia
 40322 | Snake:3  | Killed Vashnia
 40329 | Snake:3  | Got a shimmering chain mail
 40340 | Snake:3  | Identified the +2 chain mail "Kyugg" {Stlth+} (You found it
                  | on level 3 of the Snake Pit)
 40443 | Snake:3  | Noticed Louise
 40450 | Snake:3  | Killed Louise
 40476 | Snake:3  | Identified the ring of Bodily Harmony {rN+++ MR- Str+3
                  | Slay+4 Stlth-}
 41029 | Snake:4  | Entered Level 4 of the Snake Pit
 41249 | Snake:4  | Identified the Disquisition on Transmigration and Snow
 41455 | Snake:4  | Reached skill level 10 in Shields
 41665 | Snake:4  | Reached skill level 10 in Dodging
 41785 | Snake:4  | Reached XP level 22. HP: 172/172 MP: 11/34
 41901 | Snake:4  | Got a serpentine rune of Zot
 42429 | Depths:1 | Entered Level 1 of the Depths
 42550 | Depths:1 | Reached skill level 14 in Invocations
 42554 | Depths:1 | Noticed Mara
 43013 | Depths:1 | Identified the +0 robe of Gravity {rN++}
 43054 | Depths:1 | Reached skill level 15 in Unarmed Combat
 43087 | Depths:1 | Found a radiant altar of Vehumet.
 43259 | Depths:1 | Found a gateway to Hell.
 44083 | Vaults:1 | Bought a +5 ring of evasion for 1155 gold pieces
 44318 | Vaults:2 | Found an ancient bone altar of Kikubaaqudgha.
 44640 | Vaults:2 | Found a runed translucent gate.
 44640 | Vaults:2 | Found a runed translucent gate.
 44640 | Vaults:2 | Found an ancient bone altar of Kikubaaqudgha.
 44640 | Vaults:2 | Found a runed translucent gate.
 44640 | Vaults:2 | Noticed an ancient lich
 44640 | Vaults:2 | Noticed hyperkahler's ghost (veteran MiFi)
 44641 | Vaults:2 | Noticed an ancient lich
 45326 | Vaults:3 | Reached XP level 23. HP: 179/179 MP: 12/36
 45528 | Vaults:3 | Noticed Mennas
 45794 | Vaults:3 | Killed Mennas
 45922 | Vaults:3 | Found a staircase to the Crypt.
 46166 | Vaults:3 | Found Zacsul's Jewellery Shop.
 46176 | Vaults:3 | Bought the ring "Suerree" {Fire rN+ Int+4 Dex+4} for 1219
                  | gold pieces
 46667 | Vaults:4 | Reached skill level 15 in Invocations
 46680 | Vaults:4 | Cast into level 2 of the Abyss (a deep elf demonologist)
 46840 | Abyss:2  | Gained mutation: You are frail. (-10% HP) [a neqoxec]
 46928 | Vaults:4 | Escaped the Abyss
 46957 | Vaults:4 | Reached skill level 15 in Fighting
 46973 | Vaults:4 | Reached skill level 10 in Spellcasting
 47721 | Vaults:4 | Found a runed translucent gate.
 47721 | Vaults:4 | Found a runed translucent gate.
 47721 | Vaults:4 | Found a runed translucent gate.
 47721 | Vaults:4 | Noticed meepyknight's ghost (veteran GrFi)
 47721 | Vaults:4 | Identified the cursed +1 ring mail "Xutunk" {MR+ MP-9 Str+4
                  | Dex+6}
 48115 | Vaults:4 | Found an iron altar of Okawaru.
 48200 | Vaults:3 | Killed meepyknight's ghost
 48339 | Crypt:1  | Entered Level 1 of the Crypt
 48490 | Crypt:1  | Gained mutation: Your magical and physical power is greatly
                  | enhanced at high health. [demonic ancestry]
 48490 | Crypt:1  | Reached XP level 24. HP: 161/170 MP: 1/37
 49053 | Crypt:1  | Found the +3 giant club "Skullcrusher" {speed, Str+7}
 49293 | Vaults:5 | Entered Level 5 of the Vaults
 49435 | Vaults:4 | Reached skill level 16 in Invocations
 49539 | Vaults:4 | Got a crude amethyst amulet
 49540 | Vaults:4 | Identified the amulet of Roqucusi {Faith rC- Int+2 SInv}
                  | (You acquired it on level 4 of the Vaults)
 49818 | Vaults:5 | Gained mutation: When seriously injured, your bleeding
                  | wounds create very thick armour. (AC +0) [demonic ancestry]
 49818 | Vaults:5 | Reached XP level 25. HP: 177/177 MP: 11/38
 50357 | Vaults:5 | Found the +0 pair of fencer's gloves {Riposte Dex+3}
 50476 | Vaults:5 | Got a silver rune of Zot
 50478 | Vaults:5 | Got a brightly glowing large shield
 50500 | Vaults:5 | Identified the +4 large shield of the Sun {*Contam Int+5}
                  | (You found it on level 5 of the Vaults)
 50504 | Vaults:5 | Got a sparkling marble ring
 50506 | Vaults:5 | Identified the ring of Umnimpyd {rF+ rC++ rN+ Int-4 Dex+2}
                  | (You found it on level 5 of the Vaults)
 51283 | Depths:2 | Noticed Bai Suzhen
 51307 | Depths:2 | Killed Bai Suzhen
 51381 | Depths:2 | Reached skill level 17 in Invocations
 52443 | Depths:3 | Noticed Frederick
 52467 | Depths:3 | Killed Frederick
 52473 | Depths:3 | Reached skill level 18 in Invocations
 53126 | Depths:3 | Found a one-way gate leading to the halls of Pandemonium.
 53553 | Depths:4 | Reached skill level 15 in Shields
 53583 | Depths:4 | Gained mutation: You are completely covered in sharp
                  | spines. [demonic ancestry]
 53583 | Depths:4 | Reached XP level 26. HP: 183/183 MP: 12/38
 53878 | Depths:4 | Found a one-way gate to the infinite horrors of the Abyss.
 53941 | Depths:4 | Found a shattered altar of Ashenzari.
 54083 | Depths:4 | Reached skill level 19 in Invocations
 54263 | Depths:5 | Entered Level 5 of the Depths
 54281 | Depths:5 | Paralysed by a floating eye for 4 turns
 54710 | Depths:5 | Noticed a juggernaut
 54727 | Depths:5 | Killed a juggernaut
 55339 | Depths:5 | Found a gateway to a ziggurat.
 55490 | Depths:5 | Reached skill level 20 in Invocations
 55684 | Depths:5 | Found a runed translucent door.
 55686 | Depths:5 | Found a runed translucent door.
 55686 | Depths:5 | Found a runed translucent door.
 55697 | Depths:5 | Found a runed translucent door.
 55751 | Depths:5 | Found a gate to the Realm of Zot.
 55980 | Depths:5 | Found a runed translucent door.
 55980 | Depths:5 | Found a runed translucent door.
 56580 | Depths:4 | Voluntarily entered the Abyss.
 56595 | Abyss:1  | Gained mutation: You are very frail. (-20% HP) [a
                  | cacodemon]
 57039 | Abyss:4  | Found a runed translucent gate.
 57039 | Abyss:4  | Found a runed translucent gate.
 57040 | Abyss:4  | Found a runed translucent gate.
 57064 | Abyss:4  | Reached XP level 27. HP: 168/168 MP: 12/38
 57154 | Abyss:4  | Reached skill level 21 in Invocations
 57364 | Abyss:4  | Paralysed by accursed screaming for 1 turns
 57370 | Abyss:4  | Paralysed by accursed screaming for 1 turns
 57379 | Abyss:4  | Paralysed by accursed screaming for 1 turns
 57392 | Abyss:4  | Paralysed by accursed screaming for 2 turns
 57785 | Abyss:4  | Paralysed by an apocalypse crab for 7 turns
 57909 | Abyss:5  | Entered Level 5 of the Abyss
 58077 | Abyss:5  | Reached skill level 22 in Invocations
 58081 | Abyss:5  | Paralysed by accursed screaming for 1 turns
 58259 | Abyss:5  | Found a corrupted altar of Lugonu.
 58337 | Abyss:5  | Paralysed by accursed screaming for 1 turns
 58345 | Abyss:5  | Paralysed by accursed screaming for 1 turns
 58408 | Abyss:5  | Gained mutation: Your body sometimes deteriorates upon
                  | taking damage. [a cacodemon]
 58426 | Abyss:5  | Gained mutation: You are extremely frail. (-30% HP) [a
                  | cacodemon]
 58475 | Abyss:5  | Gained mutation: Your magical capacity is low. (-10% MP) [a
                  | cacodemon]
 58597 | Abyss:5  | Got an abyssal rune of Zot
 58612 | Depths:4 | Escaped the Abyss
 58698 | Depths:4 | Lost mutation: Your spells are a little easier to cast, but
                  | a little less powerful. [potion of mutation]
 58698 | Depths:4 | Lost mutation: Your magical capacity is very low. (-20% MP)
                  | [potion of mutation]
 58698 | Depths:4 | Gained mutation: Your muscles are very strong. (Str +4)
                  | [potion of mutation]
 58698 | Depths:4 | Gained mutation: Your body often deteriorates upon taking
                  | damage. [potion of mutation]
 58698 | Depths:4 | Gained mutation: Your flesh is heat resistant. (rF+)
                  | [potion of mutation]
 58792 | Depths:1 | Lost mutation: Your muscles are very strong. (Str +4)
                  | [potion of mutation]
 58792 | Depths:1 | Lost mutation: You are extremely frail. (-30% HP) [potion
                  | of mutation]
 58792 | Depths:1 | Lost mutation: You are very frail. (-20% HP) [potion of
                  | mutation]
 58792 | Depths:1 | Gained mutation: You are agile. (Dex +2) [potion of
                  | mutation]
 58792 | Depths:1 | Gained mutation: You have supernaturally acute eyesight.
                  | (SInv) [potion of mutation]
 58792 | Depths:1 | Gained mutation: Your spells are a little harder to cast,
                  | but a little more powerful. [potion of mutation]
 59210 | Swamp:4  | Lost mutation: Your flesh is heat resistant. (rF+) [potion
                  | of mutation]
 59210 | Swamp:4  | Gained mutation: You have large cloven feet. [potion of
                  | mutation]
 59210 | Swamp:4  | Lost mutation: You have supernaturally acute eyesight.
                  | (SInv) [potion of mutation]
 59210 | Swamp:4  | Gained mutation: You are very agile. (Dex +4) [potion of
                  | mutation]
 60100 | Crypt:2  | Reached skill level 23 in Invocations
 60157 | Crypt:2  | Found an ancient bone altar of Kikubaaqudgha.
 60516 | Crypt:3  | Entered Level 3 of the Crypt
 60904 | Crypt:3  | Found a basalt altar of Yredelemnul.
 61086 | Crypt:3  | Reached skill level 15 in Armour
 62579 | Crypt:3  | Found a staircase to the Tomb.
 63251 | Hell     | Entered the Vestibule of Hell
 63251 | Hell     | Noticed Geryon
 63274 | Depths:2 | Got a jewelled plate armour
 63309 | Depths:2 | Identified the cursed +0 plate armour of the Stallion
                  | {Str+2} (You found it on level 2 of the Depths)
 63835 | Zot:1    | Entered Level 1 of the Realm of Zot
 63839 | Zot:1    | Found a transporter.
 64373 | Zot:1    | Found a transporter.
 64605 | Zot:2    | Reached skill level 15 in Evocations
 67367 | Zot:4    | Noticed an orb of fire
 67373 | Zot:4    | Gained mutation: Your magical capacity is low. (-10% MP)
                  | [an orb of fire]
 67380 | Zot:4    | Gained mutation: You are dopey. (Int -2) [an orb of fire]
 67394 | Zot:4    | Gained mutation: You occasionally shout uncontrollably at
                  | your foes. [an orb of fire]
 67400 | Zot:4    | Gained mutation: Your magical capacity is very low. (-20%
                  | MP) [an orb of fire]
 67669 | Zot:4    | Gained mutation: You tend to lose your temper in combat.
                  | [an orb of fire]
 67678 | Zot:3    | Gained mutation: Armour fits poorly on your strangely
                  | shaped body. [an orb of fire]
 67685 | Zot:3    | Killed an orb of fire
 68154 | Zot:5    | Entered Level 5 of the Realm of Zot
 68832 | Elf:1    | Lost mutation: You are very agile. (Dex +4) [potion of
                  | mutation]
 68832 | Elf:1    | Lost mutation: Your muscles are strong. (Str +2) [potion of
                  | mutation]
 68832 | Elf:1    | Lost mutation: You are dopey. (Int -2) [potion of mutation]
 68832 | Elf:1    | Gained mutation: Your muscles are strong. (Str +2) [potion
                  | of mutation]
 69147 | Snake:2  | Lost mutation: You tend to lose your temper in combat.
                  | [potion of mutation]
 69147 | Snake:2  | Lost mutation: Armour fits poorly on your strangely shaped
                  | body. [potion of mutation]
 69147 | Snake:2  | Lost mutation: Your body often deteriorates upon taking
                  | damage. [potion of mutation]
 69147 | Snake:2  | Lost mutation: You are frail. (-10% HP) [potion of
                  | mutation]
 69147 | Snake:2  | Gained mutation: You are very agile. (Dex +4) [potion of
                  | mutation]
 69630 | Tomb:1   | Entered Level 1 of the Tomb of the Ancients
 69813 | Tomb:1   | Noticed a greater mummy
 69826 | Tomb:1   | Killed a greater mummy
 70418 | Tomb:1   | Lost mutation: Your spells are a little harder to cast, but
                  | a little more powerful. [the power of Zot]
 70418 | Tomb:1   | Gained mutation: Your magical capacity is extremely low.
                  | (-30% MP) [the power of Zot]
 70447 | Tomb:1   | Noticed a greater mummy
 70465 | Tomb:1   | Killed a greater mummy
 70669 | Tomb:1   | Reached skill level 24 in Invocations
 70992 | Tomb:2   | Noticed a greater mummy
 70992 | Tomb:2   | Noticed a greater mummy
 70992 | Tomb:2   | Noticed a greater mummy
 70993 | Tomb:2   | Noticed a greater mummy
 71009 | Tomb:2   | Killed a greater mummy
 71151 | Tomb:2   | Gained mutation: You are frail. (-10% HP) [the power of
                  | Zot]
 71151 | Tomb:2   | Gained mutation: Armour fits poorly on your strangely
                  | shaped body. [the power of Zot]
 71161 | Tomb:2   | Killed a greater mummy
 72188 | Zot:5    | Noticed an ancient lich
 72194 | Zot:5    | Killed an ancient lich
 72316 | Zot:5    | Noticed an orb of fire
 72317 | Zot:5    | Gained mutation: Your flesh is cold resistant. (rC+) [an
                  | orb of fire]
 72325 | Zot:5    | Noticed an ancient lich
 72332 | Zot:5    | Killed an orb of fire
 72334 | Zot:5    | Noticed an ancient lich
 72345 | Zot:5    | Cast into level 5 of the Abyss (an ancient lich)
 72345 | Abyss:5  | Entered Level 5 of the Abyss
 72418 | Zot:5    | Escaped the Abyss
 72425 | Zot:5    | Killed an ancient lich
 72432 | Zot:5    | Killed an ancient lich
 72559 | Zot:5    | Noticed an ancient lich
 72562 | Zot:5    | Noticed an ancient lich
 72564 | Zot:5    | Noticed an ancient lich
 72570 | Zot:5    | Killed an ancient lich
 72574 | Zot:5    | Killed an ancient lich
 72575 | Zot:5    | Noticed an ancient lich
 72578 | Zot:5    | Noticed a juggernaut
 72578 | Zot:5    | a Killer Klown changed into a juggernaut
 72583 | Zot:5    | Killed a juggernaut
 72615 | Zot:5    | Killed an ancient lich
 72616 | Zot:5    | Killed an ancient lich
 72723 | Zot:5    | Noticed an ancient lich
 72736 | Zot:5    | Banished an ancient lich
 72756 | Zot:5    | Noticed an orb of fire
 72761 | Zot:5    | Noticed an orb of fire
 72765 | Zot:5    | Noticed an orb of fire
 72770 | Zot:5    | Gained mutation: You tend to lose your temper in combat.
                  | [an orb of fire]
 72771 | Zot:5    | Lost mutation: Your muscles are strong. (Str +2) [an orb of
                  | fire]
 72774 | Zot:5    | Gained mutation: You are very frail. (-20% HP) [an orb of
                  | fire]
 72775 | Zot:5    | Gained mutation: Potions are less effective at restoring
                  | your health. [an orb of fire]
 72776 | Zot:5    | Gained mutation: Scrolls take you a little longer to read.
                  | [an orb of fire]
 72777 | Zot:5    | Noticed an ancient lich
 72783 | Zot:5    | Killed an ancient lich
 72820 | Zot:5    | Noticed a juggernaut
 72820 | Zot:5    | a Killer Klown changed into a juggernaut
 72840 | Zot:5    | Killed an orb of fire
 72844 | Zot:5    | Killed an orb of fire
 72848 | Zot:5    | Gained mutation: You are weak. (Str -2) [an orb of fire]
 72854 | Zot:5    | Gained mutation: You often lose your temper in combat. [an
                  | orb of fire]
 72857 | Zot:5    | Gained mutation: You have an uncontrollable temper. [an orb
                  | of fire]
 72859 | Zot:5    | Killed a juggernaut
 72863 | Zot:5    | Lost mutation: You are very agile. (Dex +4) [an orb of
                  | fire]
 74587 | Orc:2    | Bought a scroll of enchant armour for 135 gold pieces
 74587 | Orc:2    | Bought a scroll of teleportation for 54 gold pieces
 74587 | Orc:2    | Bought a scroll of teleportation for 54 gold pieces
 74587 | Orc:2    | Bought a scroll of enchant armour for 135 gold pieces
 74751 | Temple   | Lost mutation: You have an uncontrollable temper. [potion
                  | of mutation]
 74751 | Temple   | Lost mutation: Your magical capacity is extremely low.
                  | (-30% MP) [potion of mutation]
 74751 | Temple   | Lost mutation: Scrolls take you a little longer to read.
                  | [potion of mutation]
 74751 | Temple   | Lost mutation: You are agile. (Dex +2) [potion of mutation]
 74751 | Temple   | Lost mutation: Potions are less effective at restoring your
                  | health. [potion of mutation]
 74751 | Temple   | Lost mutation: You often lose your temper in combat.
                  | [potion of mutation]
 75265 | Zot:5    | Killed an orb of fire
 75637 | Zot:5    | Got the Orb of Zot
 75641 | Zot:5    | Noticed Fifrerph the pandemonium lord
 75917 | Depths:3 | Gained mutation: You are very weak. (Str -4) [a neqoxec]
 76076 | D:10     | Noticed Solis the pandemonium lord
 76309 | D:$      | Escaped with the Orb!

Levels and vault maps discovered:
D:1:      giann_wishing_wells, layout_loops_corners, minmay_pentomino_p2
D:2:      layout_loops_corners, uniq_natasha, uniq_terence
D:3:      layout_loops_ring, uniq_grinder
D:4:      layout_basic, minmay_misc_feat_roman, grunt_gozag_statues
D:5:      layout_basic, first_ration, ebering_dispersal_statue_hall,
          minmay_starry_boxes
D:6:      cheibrodos_fzero, layout_loops_ring, overflow_temple_1_default,
          minmay_increasing_density, uniq_sigmund
D:7:      layout_layer_cave, minmay_temple_entry_statues_fountains,
          gup_ossuary_entry_pyramid
D:8:      layout_loops_corners, ebering_ghost_disaster_area, david_nohive_1,
          jiyva_altar_1
D:9:      layout_roguey, basic_altar, gammafunk_ghost_nasty_kobolds, uniq_joseph
D:10:     old_forge, layout_irregular_city, lair_entry_dummy, serial_shops,
          shop, worms_lemuel, uniq_sonja
D:11:     layout_basic
D:12:     layout_rooms, drop_trap
D:13:     layout_loops_ring, grunt_vaults_entry_fortified, serial_ice,
          serial_ice_n, serial_ice_m, serial_ice_i, serial_ice_g,
          portal_ice_cave_rime, uniq_rupert
D:14:     layout_loops_ring, hangedman_abyss_or_decor_lesser_grid, uniq_kirke
D:15:     hangedman_depths_entry_civil_slaughter, layout_rooms, serial_undead,
          serial_undead_f, serial_undead_e, serial_undead_c, serial_undead_a,
          serial_undead_c, serial_undead_a, due_unseen_surprise
Temple:   roderic_octagonal_lattice_temple
Lair:1:   layout_loops_ring, serial_bayou_shore_b
Lair:2:   layout_small_grid, infiniplex_staircase_pool_2, grunt_megastairs_2,
          minmay_lair_oklob_chamber
Lair:3:   layout_roguey [special_room_bee]
Lair:4:   layout_cave_pods, swamp_mist, dummy_snake_entry,
          nicolae_volcano_entry_hallway, uniq_nergalle
Lair:5:   layout_gridlike, slime_dummy, serial_bayou_pond_e, st_stairs_8
Lair:6:   grunt_lair_end_beastmaster, layout_hall_layers,
          gauntlet_entry_generic, minivault_24, minmay_lair_drake_nest
Swamp:1:  layout_basic_swamp, evilmike_swamp_ruin_house_4
Swamp:2:  cheibrodos_swamp_tower_of_moss, layout_basic_swamp,
          evilmike_swamp_ruin_house_1, swamp_pool1, uniq_nikola
Swamp:3:  layout_basic_swamp, hangedman_swamp_blocks, infiniplex_staircase_pool
Swamp:4:  swamp_basic_johnstein, layout_basic_swamp
Snake:1:  cheibrodos_toxic_ritual, layout_misc_corridors, lemuel_fruit_tree,
          serial_bayou_shore_a
Snake:2:  layout_onion, grunt_megastairs_1, uniq_aizul
Snake:3:  layout_gridlike, grunt_megastairs_4, uniq_vashnia, uniq_jorgrun,
          uniq_louise
Snake:4:  grunt_snake_rune_spirals, layout_onion_interference
Orc:1:    layout_caves, basic_altar, nicolae_orc_tapped_out
Orc:2:    st_orc_elflike, layout_caves, uniq_azrael
Elf:1:    eino_elf_arrival_the_gate, layout_geoelf_octagon,
          minmay_elf_annihilation, minivault_25_ag
Elf:2:    layout_onion_city, uniq_saint_roka
Elf:3:    grunt_elf_hall_asides, layout_geoelf_castle, basic_altar,
          serial_shops, shop, shop, nicolae_shop_trees,
          hangedman_elf_targetted_burst
Vaults:1: vaults_room_fours, ontoclasm_vaults_ring_large, grunt_vaults_bifocal,
          v_misc_9, v_misc_30, nicolae_vaults_circle_grid_b,
          nicolae_vaults_little_squares_1, layout_vaults_quadrants,
          serial_shops, shop
Vaults:2: gammafunk_vaults_ghost_crypt, vaults_mumra_hexcomb,
          nicolae_vaults_big_ls, vaults_room_semicircle,
          vaults_room_grunt_arrival_ludios, hangedman_vaults_variations,
          vaults_standard_mumra_x, v_misc_29, vaults_room_door_ring,
          vaults_mumra_lcd, layout_vaults_omnibox, basic_altar
Vaults:3: v_misc_32, nicolae_vaults_network_square, ontoclasm_vaults_twist,
          nicolae_vaults_little_ls, nicolae_vaults_diagonal_hallway_6,
          v_misc_27, minmay_crypt_entry_nasty_monster, vaults_dpeg_encased_lava,
          layout_vaults_chaotic_city, serial_shops,
          nicolae_shop_temple_entry_statues_fountains, uniq_mennas
Vaults:4: gammafunk_vaults_ghost_fury_of_okawaru, vaults_room_door_hall,
          v_misc_9, v_rooms_2, nicolae_vaults_border_crossing, v_misc_11,
          v_misc_2, vaults_room_door_ring, nicolae_vaults_diagonal_hallway_8,
          nicolae_vaults_little_squares_1, nicolae_vaults_little_squares_4,
          layout_vaults_omnicross
Vaults:5
Crypt:1:  layout_gridlike, minmay_guarded_unrand_skullcrusher
Crypt:2:  layout_chaotic_city, basic_altar
Crypt:3:  evilmike_haunted_forest
Tomb:1
Tomb:2
Depths:1: layout_cave_pools, minmay_misc_feat_room, hellmouth_1, st_stairs_4,
          grunt_tower_of_power, uniq_mara
Depths:2: hangedman_hanging_gardens, layout_basic, lightli_too_deep,
          infiniplex_staircase_x, uniq_bai_suzhen
Depths:3: kennysheep_ogre_elephant_herders, layout_basic, hell_entry,
          chequers_serial_rivers_small_a, rand_demon_pan_entry_5,
          minmay_staircase_windowed_small, uniq_frederick
Depths:4: minmay_quarter_circles, layout_cross, abyss_entry_small_statue_room,
          hell_entry, ashenzari_altar_1, infiniplex_staircase_star
Depths:5: evilmike_zot_entry_castle, layout_basic, ziggurat_fallback,
          serial_bayou_pond_c, rand_demon_pan_entry_9, grunt_hell_entry_dis_mu
Hell
Zot:1:    gammafunk_sealed_arena, layout_twisted_circle
Zot:2:    nicolae_zot_stationary_front, layout_basic, drop_trap
Zot:3:    layout_cathedral_of_symmetry
Zot:4:    layout_onion, lemuel_lake_of_fire
Zot:5:    layout_basic

Skill      XL: |  1  2  3  4  5  6  7  8  9 10 11 12 13 14 15 16 17 18 19 20 21 22 23 24 25 26 27 |
---------------+----------------------------------------------------------------------------------+-----
Maces & Flails | 2 3 4 5 7 8 9 11 12 13 14 15 16 18 | 18.4
Armour         | 3 4 5 6 7 8 9 10 11 12 13 14 18 | 18.1
Unarmed Combat | 1 2 3 4 5 6 7 8 9 10 11 12 13 14 15 16 17 18 | 18.7
Fighting       | 4 5 6 7 8 9 10 11 12 13 14 15 17 | 17.9
Evocations     | 3 5 6 7 8 9 10 11 12 13 14 16 | 16.7
Invocations    | 1 5 7 9 10 11 12 13 14 15 16 18 20 24 | 24.8
Dodging        | 1 3 5 6 7 8 9 10 11 12 14 | 14.6
Spellcasting   | 2 3 6 7 8 9 10 11 | 11.3
Shields        | 6 8 9 10 11 12 15 18 22 | 22.9
Necromancy     | 1 |  1.3

Action                   |  1- 3 |  4- 6 |  7- 9 | 10-12 | 13-15 | 16-18 | 19-21 | 22-24 | 25-27 || total
-------------------------+-------+-------+-------+-------+-------+-------+-------+-------+-------++-------
Melee: Flail             |    77 |   111 |   293 |   630 |   114 |       |       |       |       ||  1225
       Headbutt          |     5 |    20 |    55 |   138 |   252 |   249 |   337 |   527 |  1568 ||  3151
       Punch             |       |       |    11 |    28 |    53 |     4 |       |       |       ||    96
       Morningstar       |       |       |       |     3 |   195 |       |       |       |       ||   198
       Demon whip        |       |       |       |       |   651 |   826 |  1112 |  1454 |  3596 ||  7639
Invok: Upheaval          |       |       |       |     1 |    16 |     8 |    10 |    15 |     8 ||    58
       Disaster Area     |       |       |       |       |       |     1 |       |     8 |    10 ||    19
       Elemental Force   |       |       |       |       |       |       |       |     2 |     2 ||     4
Evoke: Wand              |       |       |     4 |    13 |    17 |     4 |     8 |    10 |    23 ||    79
       Lamp of fire      |       |       |       |       |     1 |       |       |       |       ||     1
       Lightning rod     |       |       |       |       |       |       |       |     1 |     1 ||     2
  Use: Potion            |       |     2 |     4 |     4 |     9 |     7 |     2 |    11 |    38 ||    77
       Scroll            |       |     2 |     7 |    10 |    21 |     4 |     3 |    10 |    24 ||    81
 Stab: Confused          |       |       |       |       |     1 |       |       |     2 |    11 ||    14
       Petrified         |       |       |       |       |     3 |       |       |       |     3 ||     6
       Paralysed         |       |       |       |       |       |       |     7 |     1 |     7 ||    15
       Distracted        |       |       |       |       |       |       |     1 |     1 |       ||     2
       Petrifying        |       |       |       |       |       |       |       |     1 |     2 ||     3
       Invisible         |       |       |       |       |       |       |       |       |    13 ||    13
  Eat: Chunk             |       |     5 |    10 |    20 |    26 |    16 |    10 |    14 |    23 ||   124
       Ration            |       |       |     1 |     4 |     2 |     2 |     3 |     3 |    17 ||    32
Armor: Scale mail        |    41 |    43 |   120 |   141 |       |       |       |       |       ||   345
       Skin              |       |       |     5 |    10 |       |       |       |       |       ||    15
       Ring mail         |       |       |       |   100 |   177 |    25 |    40 |       |       ||   342
       Ice dragon scales |       |       |       |       |    73 |   103 |       |       |       ||   176
       Swamp dragon scal |       |       |       |       |       |    41 |    72 |    15 |       ||   128
       Fire dragon scale |       |       |       |       |       |       |       |   240 |   485 ||   725
Dodge: Dodged            |    36 |    44 |   107 |   270 |   357 |   202 |   198 |   424 |   790 ||  2428
       Deflected         |       |       |       |     9 |    32 |    23 |    71 |    49 |    60 ||   244
Block: Other             |       |       |       |    84 |   243 |     6 |       |       |       ||   333
       Buckler           |       |       |       |       |       |   384 |   673 |  1182 |    66 ||  2305
       Reflection        |       |       |       |       |       |       |   132 |   155 |   104 ||   391
       Large shield      |       |       |       |       |       |       |       |       |  3867 ||  3867
       Rpst.: Demon whip |       |       |       |       |       |       |       |       |    78 ||    78
